 Seeded DCSS version 0.31-a0-538-gbc85326fa9 (webtiles) character file.

Game seed: 3826825538972431165 (custom seed)

142 innerfire43 the Ruffian (level 5, -5/41 HPs)
             Began as a Gnoll Shapeshifter on Aug 13, 2023.
             Slain by a gnoll
             ... wielding a +0 club
              (8 damage)
             ... on level 3 of the Dungeon.
             The game lasted 00:02:07 (1534 turns).

innerfire43 the Ruffian (Gnoll Shapeshifter)        Turns: 1534, Time: 00:02:08

Health: -5/41      AC:  2    Str: 16    XL:     5   Next: 24%
Magic:  7/7        EV: 13    Int:  7    God:
Gold:   234        SH:  0    Dex: 13    Spells: 6/6 levels left

rFire   . .          .
                       - Unarmed
rCold   + . .        (shield currently unavailable)
rNeg    . . .        a - +0 animal skin
rPois   .            (no helmet)
rElec   .            (no cloak)
rCorr   .            (no gloves)
SInv    .            (no boots)
Will    .....        (no amulet)
Stlth   +            p - ring of protection from cold
HPRegen 0.26/turn    (no ring)
MPRegen 0.10/turn

%: no passive effects
@: flux-form, glowing, studying Fighting
A: glow, contaminating, fangs 1, strong nose, distributed training
a: Begin Untransformation


You were on level 3 of the Dungeon.
You were something dangerously unstable.
You visited 1 branch of the dungeon, and saw 3 of its levels.

You collected 234 gold pieces.

Inventory:

Armour
 a - a +0 animal skin (worn)
Jewellery
 p - a ring of protection from cold (left hand)
Talismans
 c - a beast talisman
 d - a flux talisman (active)
Scrolls
 b - a scroll of enchant armour {unknown}
 e - a scroll of brand weapon {unknown}
 f - 2 scrolls of vulnerability {unknown}
 h - 2 scrolls of identify {unknown}
 i - 3 scrolls of noise {unknown}
 j - a scroll of amnesia {unknown}
 n - a scroll of torment {unknown}
Potions
 g - 2 potions of mutation {unknown}
 k - a potion of enlightenment {unknown}
 l - a potion of curing
 m - a potion of cancellation {unknown}
 o - a potion of brilliance {unknown}
 q - a potion of invisibility {unknown}


   Skills:
 + Level 3.3 Fighting
 + Level 1.4 Short Blades
 + Level 1.4 Long Blades
 + Level 1.4 Axes
 + Level 1.4 Maces & Flails
 + Level 1.4 Polearms
 + Level 1.4 Staves
 + Level 1.4 Ranged Weapons
 + Level 1.4 Throwing
 + Level 1.4 Armour
 + Level 4.7 Dodging
 + Level 1.4 Stealth
 + Level 1.4 Shields
 + Level 6.7 Unarmed Combat
 + Level 1.4 Spellcasting
 + Level 1.1 Conjurations
 + Level 1.1 Hexes
 + Level 1.1 Summonings
 + Level 1.1 Necromancy
 + Level 1.1 Translocations
 + Level 1.1 Transmutations
 + Level 1.1 Fire Magic
 + Level 1.1 Ice Magic
 + Level 1.1 Air Magic
 + Level 1.1 Earth Magic
 + Level 1.1 Poison Magic
 + Level 1.6 Invocations
 + Level 1.4 Evocations
 + Level 6.6 Shapeshifting


You had 6 spell levels left.
You didn't know any spells.
Your spell library was empty.

Dungeon Overview and Level Annotations

Branches:
Dungeon (3/15)

Altars:


Innate Abilities, Weirdness & Mutations

You are something dangerously unstable.
You glow with magical radiation, making you easy to see and hit.
Foes you strike become dangerously contaminated with magical radiation.
You are incapable of wielding weapons or throwing items.
You have very sharp teeth.
Your uncanny sense of smell can sniff out nearby items.
Your experience applies equally to all skills.


Message History

The gnoll is heavily wounded.
There are monsters nearby!
You hit the gnoll.
The gnoll shudders as magic cascades through it!
You kill the gnoll!
The gnoll misses you.
There are monsters nearby!
The gnoll hits you with a +0 spear. The gnoll barely misses you.
Things that are here:
a +0 club; a gnoll corpse
There are monsters nearby!
You barely miss the gnoll. The gnoll misses you.
The gnoll hits you with a +0 whip!
You hit the gnoll but do no damage.
The gnoll begins to glow.
The gnoll misses you. The gnoll closely misses you.
You punch the gnoll!
The gnoll glows dangerously bright.
You bite the gnoll, but do no damage.
The gnoll is heavily wounded.
The gnoll hits you with a +0 spear. The gnoll hits you with a +0 whip!
You are too injured to fight recklessly!
The gnoll closely misses you.
You hit the gnoll.
The gnoll shudders as magic cascades through it!
You kill the gnoll!
The gnoll hits you from afar with a +0 spear.
You hit the gnoll.
The gnoll begins to glow.
The gnoll is moderately wounded.
The gnoll closely misses you. The gnoll hits you with a +0 club.
* * * LOW HITPOINT WARNING * * *
You hit the gnoll.
The gnoll glows dangerously bright.
The gnoll is heavily wounded.
The gnoll hits you from afar with a +0 spear!
* * * LOW HITPOINT WARNING * * *
The gnoll barely misses you.
Unknown command.
It was a potion of curing.
You feel better.
The gnoll hits you from afar with a +0 spear.
* * * LOW HITPOINT WARNING * * *
The gnoll hits you with a +0 club!
You die...

####.#.#### #.#.#
# #.#.# # #.#.####
#. #......#
#.####### #..###.#
#.......#####....#
###.........†....#
#B###.........##
#g#....########
#..gg#....#
........+....#
###.....#....#
.......###+##
.###....# #....#
#....#


You could see 2 gnolls and a hobgoblin.

Vanquished Creatures
  Jessica (D:2)
  Robin (D:2)
  3 adders (D:2)
  2 gnolls (D:3)
  A dart slug (D:1)
  4 bats
  6 endoplasms
  3 giant cockroaches (D:1)
  11 goblins
  5 hobgoblins
  2 jackals (D:2)
  3 kobolds
  A quokka (D:2)
  3 ball pythons
  A frilled lizard (D:1)
  3 rats (D:1)
50 creatures vanquished.

Notes
Turn   | Place    | Note
-------+----------+-------------------------------------------
     0 | D:1      | innerfire43 the Gnoll Shapeshifter began the quest for the
                  | Orb.
     0 | D:1      | Reached XP level 1. HP: 17/17 MP: 1/1
   192 | D:1      | Reached XP level 2. HP: 6/23 MP: 2/2
   194 | D:1      | Identified a scroll of acquirement
   194 | D:1      | Acquired a manual of Fighting
   470 | D:1      | Reached XP level 3. HP: 24/28 MP: 3/3
   797 | D:2      | Noticed Jessica
   800 | D:2      | Killed Jessica
   801 | D:2      | Reached skill level 1 in Short Blades
   801 | D:2      | Reached skill level 1 in Long Blades
   801 | D:2      | Reached skill level 1 in Axes
   801 | D:2      | Reached skill level 1 in Maces & Flails
   801 | D:2      | Reached skill level 1 in Polearms
   801 | D:2      | Reached skill level 1 in Staves
   801 | D:2      | Reached skill level 1 in Ranged Weapons
   801 | D:2      | Reached skill level 1 in Throwing
   801 | D:2      | Reached skill level 1 in Armour
   801 | D:2      | Reached skill level 1 in Stealth
   801 | D:2      | Reached skill level 1 in Shields
   801 | D:2      | Reached skill level 1 in Spellcasting
   801 | D:2      | Reached skill level 1 in Invocations
   801 | D:2      | Reached skill level 1 in Evocations
   968 | D:2      | Reached XP level 4. HP: 33/35 MP: 5/5
  1102 | D:2      | Reached skill level 1 in Conjurations
  1102 | D:2      | Reached skill level 1 in Hexes
  1102 | D:2      | Reached skill level 1 in Summonings
  1102 | D:2      | Reached skill level 1 in Necromancy
  1102 | D:2      | Reached skill level 1 in Translocations
  1102 | D:2      | Reached skill level 1 in Transmutations
  1102 | D:2      | Reached skill level 1 in Fire Magic
  1102 | D:2      | Reached skill level 1 in Ice Magic
  1102 | D:2      | Reached skill level 1 in Air Magic
  1102 | D:2      | Reached skill level 1 in Earth Magic
  1102 | D:2      | Reached skill level 1 in Poison Magic
  1199 | D:2      | Noticed Robin
  1221 | D:2      | Killed Robin
  1239 | D:2      | Reached XP level 5. HP: 34/41 MP: 6/6
  1533 | D:3      | HP: 1/41 [gnoll/+0 spear (7)]
  1534 | D:3      | Slain by a gnoll

Illustrated notes

Levels and vault maps discovered:
D:1:      roderic_crop_circles_arrival_large, layout_basic
D:2:      layout_basic, minmay_distorted, uniq_robin, uniq_jessica
D:3:      layout_basic, minivault_24, minmay_box_of_dots

Skill      XL: |  1  2  3  4 |
---------------+-------------+-----
Short Blades   | 1 |  1.4
Long Blades    | 1 |  1.4
Axes           | 1 |  1.4
Maces & Flails | 1 |  1.4
Polearms       | 1 |  1.4
Staves         | 1 |  1.4
Ranged Weapons | 1 |  1.4
Throwing       | 1 |  1.4
Armour         | 1 |  1.4
Stealth        | 1 |  1.4
Shields        | 1 |  1.4
Spellcasting   | 1 |  1.4
Invocations    | 1 |  1.6
Evocations     | 1 |  1.4
Fighting       | 3 |  3.3
Conjurations   | 1 |  1.1
Hexes          | 1 |  1.1
Summonings     | 1 |  1.1
Necromancy     | 1 |  1.1
Translocations | 1 |  1.1
Transmutations | 1 |  1.1
Fire Magic     | 1 |  1.1
Ice Magic      | 1 |  1.1
Air Magic      | 1 |  1.1
Earth Magic    | 1 |  1.1
Poison Magic   | 1 |  1.1
Dodging        | |  4.7
Unarmed Combat | |  6.7
Shapeshifting  | |  6.6

Action                     |  1- 3 |  4- 6 || total
---------------------------+-------+-------++-------
  Melee: Unarmed           |    74 |    66 ||   140
         Bite              |     7 |     1 ||     8
         Punch             |       |     3 ||     3
    Use: Scroll            |     1 |       ||     1
         Potion            |       |     2 ||     2
 Armour: Animal skin       |     9 |     2 ||    11
         Skin              |       |    20 ||    20
  Dodge: Dodged            |    47 |    40 ||    87
   Form: Flux              |     1 |       ||     1

Table legend: (Time is in decaauts)
 A = Elapsed time spent in this place.
 B = Non-inter-level travel time spent in this place.
 C = Inter-level travel time spent in this place.
 D = Time resting spent in this place.
 E = Time spent auto-exploring this place.
 F = Levels seen in this place.
 G = Mean time per level.
                   A        B        C        D        E       F      G
               +--------+--------+--------+--------+--------+-----+--------+
         Total |   1516 |   1486 |     30 |      0 |   1189 |   3 |  505.3 |
       Dungeon |   1516 |   1486 |     30 |      0 |   1189 |   3 |  505.3 |
               +--------+--------+--------+--------+--------+-----+--------+

Top non-repeatable levels by time:
     D:1: 789 daAuts
     D:2: 622 daAuts
     D:3: 103 daAuts
